 Dungeon Crawl Stone Soup version 0.30-a0-802-gb92711bcdf (webtiles) character file.

Game seed: 15053117622925402923

167 Aneyh the Poker (level 5, -6/38 HPs)
             Began as a Demonspawn Warper on Feb 23, 2023.
             Killed by divine providence
             ... invoked by an orc priest
              (9 damage)
             ... on level 4 of the Dungeon.
             The game lasted 00:04:19 (3147 turns).

Aneyh the Poker (Demonspawn Warper)                 Turns: 3147, Time: 00:04:20

Health: -6/38      AC:  3    Str: 12 (13) XL:     5   Next: 23%
Magic:  8/8        EV: 11    Int: 19 (20) God:
Gold:   191        SH:  0    Dex: 10 (13) Spells: 8/8 levels left

rFire   + . .      SeeInvis .    a - +0 spear
rCold   + . .      Faith    .    (no shield)
rNeg    . . .      Spirit   .    b - +0 leather armour
rPois   +          Reflect  .    (no helmet)
rElec   +          Harm     .    (no cloak)
rCorr   +          Rampage  .    (no gloves)
Will    .....                    (no boots)
Stlth   +                        (no amulet)
HPRegen 0.26/turn                l - +4 ring of slaying
MPRegen 0.11/turn                t - +6 ring of intelligence

@: brilliant, resistant, flying, invisible
A: weakness stinger 2
a: no special abilities


You were on level 4 of the Dungeon.
You visited 1 branch of the dungeon, and saw 4 of its levels.

You collected 191 gold pieces.

Inventory:

Hand Weapons
 a - a +0 spear (weapon)
Missiles
 d - 6 boomerangs of dispersal (quivered)
Armour
 b - a +0 leather armour (worn)
Jewellery
 l - a +4 ring of slaying (left hand)
 t - a +6 ring of intelligence (right hand)
Scrolls
 c - a scroll of blinking
 e - 6 scrolls of identify {unknown}
 f - a scroll of fog {unknown}
 g - a scroll of fear {unknown}
 i - 3 scrolls of enchant armour {unknown}
 j - 2 scrolls of teleportation {unknown}
 m - a scroll of magic mapping {unknown}
 p - 2 scrolls of silence {unknown}
 r - a scroll of noise {unknown}
Miscellaneous
 v - a piece from Xom's chessboard (15/15)


   Skills:
 - Level 2.0 Fighting
 + Level 4.9 Polearms
 - Level 0.8 Throwing
 - Level 0.8 Armour
 + Level 2.0 Dodging
 - Level 2.0 Spellcasting
 - Level 2.6 Translocations


You had 8 spell levels left.
You didn't know any spells.
Your spell library contained the following spells:

 Spells                   Type           Power      Damage    Failure   Level
 Blink                    Tloc           36%        N/A       11%         2
 Lesser Beckoning         Tloc           36%        N/A       11%         2
 Teleport Other           Tloc           18%        N/A       22%         3
 Vhi's Electric Charge    Tloc/Air       20%        N/A       36%         3
 Manifold Assault         Tloc           18%        N/A       56%         4


Dungeon Overview and Level Annotations

Branches:
Dungeon (4/15)
 Temple: D:4-7

Altars:
Kikubaaqudgha
Xom

Annotations:
D:3 1 runed translucent door, ders's ghost, amateur OpEE


Innate Abilities, Weirdness & Mutations

You have a tail ending in a sharp stinger.


Message History

You hit something.
Your tail-slap misses something.
You hear some strange, mumbled words.
You are confused.
The orc priest casts a cantrip, but nothing happens.
The orc hits you with a +0 whip. The orc hits you with a +0 short sword.
You bump into the stone wall.
Something hits you. The orc barely misses you.
The orc hits you but does no damage.
It was a potion of cancellation.
Your magical effects are unravelling.
You feel magically purged.
You feel less confused. Something hits you but does no damage.
The orc hits you with a +0 whip. The orc hits you with a +0 short sword.
It was a potion of resistance.
You feel protected. Something hits you. The orc hits you with a +0 short sword.
The orc hits you with a +0 whip.
* * * LOW HITPOINT WARNING * * *
It was a potion of brilliance.
You feel clever all of a sudden. Something hits you but does no damage.
The orc misses you. The orc hits you with a +0 short sword.
* * * LOW HITPOINT WARNING * * *
It was a potion of degeneration.
There was something very wrong with that liquid.
You feel weakened.
You feel dopey.
You feel clumsy. Something hits you but does no damage.
The orc closely misses you. x2
It was a potion of flight.
You feel very buoyant.
You fly up into the air.
Something hits you.
* * * LOW HITPOINT WARNING * * *
The orc hits you but does no damage. The orc hits you with a +0 short sword.
* * * LOW HITPOINT WARNING * * *
It was a potion of invisibility.
You fade into invisibility!
Something hits you.
* * * LOW HITPOINT WARNING * * *
The orc priest calls down the wrath of Beogh upon you.
Beogh smites you!
You die...

#...##....##...
#.........#....
#.........#....
#.........#....
#.........#....
##...##....+....
######....##....#
#...{o....##..>.#
#...@oo...##....#
#..###.P.P......#
#. #...PP.... #
.o........
ยง...#PP....
#._oo##P..##
#....# .....
#..... .....


You could see an orc priest (unable to see you) and 2 orcs.

Vanquished Creatures
  A scorpion (D:4)
  4 adders
  2 dart slugs (D:1)
  3 orcs
  4 endoplasms
  3 giant cockroaches
  3 goblins
  8 hobgoblins
  3 jackals (D:1)
  7 kobolds
  5 quokkas
  6 ball pythons
  5 bats
  3 frilled lizards
  9 rats
66 creatures vanquished.

Vanquished Creatures (others)
  A withered plant (D:4)
1 creature vanquished.

Grand Total: 67 creatures vanquished

Notes
Turn   | Place    | Note
-------+----------+-------------------------------------------
     0 | D:1      | Aneyh the Demonspawn Warper began the quest for the Orb.
     0 | D:1      | Reached XP level 1. HP: 16/16 MP: 3/3
    61 | D:1      | Reached skill level 2 in Polearms
   180 | D:1      | Gained mutation: You have a small tail. [demonic ancestry]
   180 | D:1      | Reached XP level 2. HP: 22/22 MP: 5/5
   341 | D:1      | Reached skill level 3 in Polearms
   591 | D:1      | Reached XP level 3. HP: 25/27 MP: 6/6
  1549 | D:2      | Gained mutation: You have a tail ending in a sharp stinger.
                  | [demonic ancestry]
  1549 | D:2      | Reached XP level 4. HP: 33/33 MP: 7/7
  1896 | D:3      | Reached skill level 4 in Polearms
  2054 | D:3      | Found a runed translucent door.
  2054 | D:3      | Noticed ders's ghost (amateur OpEE)
  2192 | D:3      | Found a faded altar of an unknown god.
  2470 | D:3      | Identified the +6 short sword of Magnificence {heavy, Will+
                  | Dex+2}
  2856 | D:4      | Noticed a scorpion
  2870 | D:4      | Killed a scorpion
  2871 | D:4      | Reached XP level 5. HP: 16/38 MP: 8/8
  3065 | D:4      | Found a shimmering altar of Xom.
  3125 | D:4      | Found an ancient bone altar of Kikubaaqudgha.
  3147 | D:4      | Killed from afar by an orc priest

Illustrated notes

Levels and vault maps discovered:
D:1:      roderic_dead_forest, layout_basic
D:2:      layout_basic, st_stairs_4, eino_tiny_chamber
D:3:      layout_loops_ring, ebering_ghost_sewer_d,
          chequers_ecumenical_altar_island, minmay_ruptured
D:4:      nicolae_cairo_tiling_very_big, layout_gridville, xom_butterflies,
          kiku_gazebo_garden_becter, temple_hall

Skill      XL: |  1  2  3  4 |
---------------+-------------+-----
Polearms       | 2 3 4 |  4.9
Dodging        | 2 |  2.0
Fighting       | |  2.0
Throwing       | |  0.8
Armour         | |  0.8
Spellcasting   | |  2.0
Translocations | |  2.6

Action                     |  1- 3 |  4- 6 || total
---------------------------+-------+-------++-------
  Melee: Spear             |   188 |    71 ||   259
         Tailslap          |    12 |     5 ||    17
  Throw: Boomerang         |       |     1 ||     1
    Use: Potion            |       |     9 ||     9
   Stab: Sleeping          |     3 |       ||     3
 Armour: Leather armour    |    43 |    19 ||    62
  Dodge: Dodged            |    69 |    30 ||    99

Table legend: (Time is in decaauts)
 A = Elapsed time spent in this place.
 B = Non-inter-level travel time spent in this place.
 C = Inter-level travel time spent in this place.
 D = Time resting spent in this place.
 E = Time spent auto-exploring this place.
 F = Levels seen in this place.
 G = Mean time per level.
                   A        B        C        D        E       F      G
               +--------+--------+--------+--------+--------+-----+--------+
         Total |   3131 |   3042 |     89 |    448 |   2125 |   4 |  782.8 |
       Dungeon |   3131 |   3042 |     89 |    448 |   2125 |   4 |  782.8 |
               +--------+--------+--------+--------+--------+-----+--------+

Top non-repeatable levels by time:
     D:3: 1055 daAuts
     D:1: 927 daAuts
     D:2: 834 daAuts
     D:4: 314 daAuts
